Map: Givre EC

Players

Prophet

  • Race: Terran Terran
  • League: Master

DreinarK - Winner!

  • Race: Terran Terran
  • League: Diamond

VOD

Have the link to the VOD?

Description

Time

  • Played on: June 24, 2016, 2:22 p.m.
  • Length: 18:28
Show
View Real Time Build Order
Export as new Build Order

Prophet Terran 

Build Orders: 1/1/1, Mech, Banshee Rush 

Get SALT Encoding   

  12  0:01  SCV  
  13  0:13  SCV  
  14  0:17  Supply Depot  
  14  0:25  SCV  
  15  0:29  Refinery  
  15  0:39  SCV  
  16  0:45  Barracks  
  16  0:52  Refinery  
  16  0:55  SCV  
  17  1:08  SCV  
  18  1:20  SCV  
  19  1:32  Factory  
  20  1:33  Reaper  
  20  1:38  Orbital Command  
  20  1:52  Supply Depot  
  20  2:03  SCV  
  20  2:06  Reaper  
  23  2:16  Hellion  
  23  2:21  Starport  
  24  2:26  SCV  
  24  2:38  Supply Depot  
  24  2:44  Reaper  
  24  2:46  SCV  
  24  2:49  Factory Tech Lab  
  26  2:52  Hellion  
  26  2:58  SCV  
  29  3:10  SCV  
  29  3:12  Starport Tech Lab  
  30  3:17  Hellion  
  30  3:18  Reaper  
  33  3:23  SCV, Supply Depot  
  34  3:38  SCV  
  34  3:39  Cloaking Field, Banshee  
  34  3:41  Factory Tech Lab  
  39  3:57  Barracks Reactor  
  38  4:05  Command Center  
  38  4:16  SCV  
  39  4:21  Banshee  
  42  4:30  SCV  
  43  4:42  SCV  
  43  4:45  Command Center  
  44  4:55  SCV  
  35  5:17  SCV x2  
  35  5:21  Banshee  
  40  5:29  SCV  
  40  5:33  Orbital Command  
  44  5:35  Siege Tank  
  44  5:38  Factory  
  44  5:41  SCV  
  42  5:53  SCV  
  43  5:58  Factory  
  43  5:59  Refinery  
  43  6:00  Refinery  
  43  6:04  SCV  
  43  6:06  SCV  
  43  6:10  Orbital Command  
  45  6:14  Starport Reactor  
  45  6:16  SCV  
  45  6:18  SCV  
  47  6:20  Siege Tank  
  47  6:23  Barracks Tech Lab  
  50  6:28  SCV  
  50  6:30  SCV  
  52  6:35  Armory  
  52  6:39  Siege Tank  
  55  6:40  SCV x2  
  55  6:42  SCV  
  55  6:44  Infernal Pre-Igniter, Hellion x2  
  62  6:52  SCV  
  63  6:56  Factory, SCV  
  64  7:08  SCV, Viking  
  65  7:09  Viking, SCV  
  70  7:15  Siege Tank  
  70  7:17  Hellion x2  
  70  7:20  Supply Depot  
  77  7:25  Supply Depot  
  77  7:27  Supply Depot  
  77  7:42  Hellion x4  
  85  7:46  Medivac x2  
  85  7:49  Terran Vehicle Weapons Level 1  
  85  7:50  SCV  
  90  8:05  Siege Tank x2  
  98  8:06  SCV, Hellion x3  
  98  8:11  Supply Depot x2  
  103  8:18  Viking  
  103  8:19  Viking  
  107  8:24  Supply Depot  
  99  8:57  Siege Tank x3  
  99  8:58  Hellion x2  
  112  9:06  Supply Depot x2  
  112  9:11  Command Center  
  112  9:13  SCV  
  113  9:19  Hellion  
  109  9:29  Siege Tank  
  91  9:42  Siege Tank  
  91  9:43  Hellion x2, Siege Tank  
  99  9:59  Medivac  
  101  10:01  Siege Tank  
  101  10:04  Hellion  
  101  10:05  Hellion  
  106  10:15  Siege Tank  
  106  10:17  Refinery x2  
  109  10:22  Siege Tank  
  109  10:26  Hellion x2  
  116  10:33  Siege Tank  
  116  10:40  Viking  
  116  10:41  Orbital Command  
  118  10:47  Hellion x2  
  119  10:54  Siege Tank  
  114  11:15  Hellion, Siege Tank  
  86  11:38  Siege Tank  
  86  11:39  Hellion  
  89  11:53  Hellion, Siege Tank x2  
  94  12:05  Widow Mine  
  86  12:19  Siege Tank  
  86  12:20  Hellion  
  88  12:25  Hellion, Siege Tank  
  93  12:34  Hellion  
  89  12:37  SCV  
  89  12:38  SCV  
  89  12:41  Hellion  
  89  12:42  Terran Vehicle Weapons Level 2  
  93  12:58  Hellion x2  
  97  13:05  Hellion, Siege Tank x2  
  105  13:10  Command Center  
  105  13:12  Factory  
  105  13:19  Hellion  
  83  13:32  Siege Tank  
  83  13:33  Hellion, Armory  
  88  13:36  Viking x2  
  88  13:37  Hellion, Siege Tank  
  88  13:40  Hellion  
  99  13:42  Factory  
  99  13:48  Factory  
  99  14:00  Factory Tech Lab  
  93  14:13  Hellion, Siege Tank x2  
  93  14:14  Hellion  
  89  14:42  Hellion  
  83  14:55  Orbital Command  
  66  15:18  Terran Vehicle Weapons Level 3, Terran Vehicle And Ship Armor Level 1  
  66  15:21  SCV  
  67  15:22  Starport  
  67  15:25  Engineering Bay  
  67  15:29  Factory Tech Lab  
  67  15:36  SCV  
  68  15:44  Siege Tank  
  68  15:45  Hellion x2  
  75  15:57  Refinery  
  70  16:02  Refinery  
  48  16:13  Siege Tank x2  
  48  16:14  Hellion x2  
  57  16:23  SCV x3  
  59  16:25  Orbital Command  
  59  16:35  SCV  
  56  17:09  Orbital Command  
  56  17:10  Siege Tank x2  
  60  17:40  Hellion  
Show
View Real Time Build Order
Export as new Build Order

DreinarK Terran - Winner!

Build Orders: Reaper Expand, MMM Bio 

Get SALT Encoding   

  12  0:00  SCV  
  13  0:12  SCV  
  14  0:17  Supply Depot  
  14  0:25  SCV  
  15  0:39  SCV  
  15  0:40  Barracks  
  16  0:48  Refinery  
  16  0:51  SCV  
  17  1:03  SCV  
  18  1:15  SCV  
  19  1:27  Orbital Command  
  19  1:34  Reaper  
  20  1:46  Command Center  
  20  1:56  Refinery  
  20  1:57  SCV  
  21  2:09  SCV, Supply Depot  
  21  2:11  Barracks Reactor  
  22  2:17  Barracks  
  22  2:22  SCV  
  22  2:45  SCV  
  22  2:47  Marine x2  
  25  2:56  Factory  
  25  2:57  SCV  
  25  2:58  Bunker  
  26  3:04  Barracks Reactor  
  26  3:05  Marine x2  
  28  3:10  Orbital Command  
  28  3:23  Marine x2  
  30  3:36  Barracks Tech Lab  
  30  3:42  Supply Depot  
  30  3:43  Starport  
  30  3:45  SCV  
  30  3:46  SCV, Factory Tech Lab  
  30  3:48  Marine x2  
  34  3:55  Marine  
  34  3:56  Stimpack  
  34  3:57  SCV  
  34  3:58  SCV  
  34  4:02  Supply Depot  
  37  4:09  SCV, Siege Tank  
  41  4:12  Marine x2  
  43  4:18  SCV  
  43  4:21  SCV  
  43  4:23  Viking  
  47  4:30  SCV, Marine x2  
  50  4:33  SCV  
  50  4:36  Supply Depot  
  51  4:42  SCV  
  52  4:45  SCV  
  52  4:52  Refinery, Supply Depot  
  53  4:54  SCV  
  53  4:55  Barracks  
  53  4:58  SCV, Engineering Bay  
  55  5:06  SCV  
  55  5:14  Marine x2  
  51  5:16  Viking, Marine  
  52  5:27  Missile Turret  
  50  5:31  Marine  
  50  5:32  Marine  
  50  5:33  Marine  
  53  5:40  Missile Turret  
  52  5:46  SCV  
  52  5:49  Marine x2  
  52  5:51  SCV, Marine  
  52  5:55  Barracks Reactor  
  55  5:58  SCV  
  55  6:00  Starport Reactor  
  55  6:03  SCV, Terran Infantry Weapons Level 1  
  57  6:07  Marine x2  
  57  6:10  SCV  
  60  6:15  SCV  
  60  6:16  Siege Tank  
  64  6:19  Combat Shields  
  64  6:22  SCV  
  65  6:27  SCV  
  65  6:28  Supply Depot  
  65  6:31  Supply Depot  
  66  6:32  Marine  
  66  6:34  SCV, Marine x2  
  66  6:39  SCV  
  71  6:43  Marine  
  71  6:44  Marine  
  71  6:46  Refinery  
  71  6:47  SCV, Medivac  
  74  6:50  Medivac  
  74  6:51  SCV  
  74  6:52  Marine x2  
  81  6:58  Supply Depot  
  81  7:19  Engineering Bay  
  81  7:20  Armory  
  81  7:21  Command Center  
  81  7:29  Marine  
  82  7:31  Barracks  
  82  7:32  Barracks  
  80  7:39  Marine x4  
  84  7:44  SCV  
  84  7:46  Marine  
  84  7:49  Supply Depot  
  86  7:52  SCV  
  86  7:56  SCV, Marine  
  86  7:58  Siege Tank  
  92  8:01  Marine  
  93  8:11  Marine x2  
  95  8:18  Marine  
  96  8:20  Barracks Reactor  
  96  8:21  Barracks Reactor  
  96  8:22  Terran Infantry Weapons Level 2  
  96  8:23  Terran Infantry Armor Level 1  
  96  8:25  Marine  
  97  8:27  Marine  
  98  8:36  Siege Tank, Marine x2  
  98  8:38  Marine  
  99  8:45  Marine x2  
  73  8:57  Barracks Tech Lab  
  73  9:00  Marine  
  74  9:03  Barracks x2  
  74  9:07  Marauder, Marine  
  74  9:08  Siege Tank  
  80  9:14  Medivac  
  80  9:15  Medivac  
  80  9:16  Marine x2  
  84  9:31  Marauder, Marine  
  78  9:32  Marine  
  78  9:33  Marauder  
  78  9:37  Marine x4  
  85  9:45  Orbital Command  
  84  9:49  Marine  
  84  9:53  SCV x2, Marauder  
  84  9:54  Marauder, Marine  
  91  10:02  Marine x4  
  91  10:03  Barracks Reactor  
  91  10:05  SCV  
  96  10:07  Barracks Tech Lab  
  96  10:13  Siege Tank  
  91  10:14  Marauder  
  91  10:15  Medivac  
  91  10:16  Marauder  
  91  10:17  Marine x2  
  91  10:18  SCV x2  
  91  10:19  Marine  
  102  10:34  Medivac  
  102  10:35  Marauder, Marine x2  
  87  10:36  Marauder  
  87  10:37  Marauder  
  87  10:39  Marine  
  87  10:41  SCV  
  93  10:45  Medivac  
  86  10:50  Marine  
  86  10:56  Marauder  
  91  10:57  Marauder  
  91  10:58  SCV x2, Marauder  
  91  10:59  SCV  
  91  11:00  Marine  
  97  11:04  Medivac  
  97  11:06  Marine  
  97  11:10  SCV  
  97  11:11  Marine x3  
  89  11:12  Marine  
  89  11:18  Marauder x2  
  90  11:20  Marauder, Marine x2  
  90  11:21  Marine  
  90  11:24  Marine  
  88  11:30  Marine  
  88  11:31  Marine  
  76  11:35  Marine  
  76  11:39  Marauder  
  73  11:40  Marauder  
  73  11:41  Marauder  
  75  11:50  Marine x2  
  75  11:52  Marine x2  
  75  11:54  Marine  
  73  11:56  Marine  
  73  12:01  Marauder x2  
  78  12:03  Marauder  
  78  12:04  Marine  
  78  12:15  Marine x2  
  52  12:18  Marine  
  52  12:19  Medivac  
  52  12:22  Marauder, Medivac  
  54  12:23  Marauder  
  54  12:24  Marauder  
  53  12:33  Marine  
  53  12:34  Marine  
  53  12:36  Orbital Command, Marine x2  
  52  12:38  Marine  
  52  12:40  Marine  
  52  12:41  Marine  
  52  12:43  Marauder  
  59  12:44  Marauder  
  59  12:45  Marauder, Marine  
  59  12:49  Medivac  
  64  12:51  Marine x2  
  64  12:52  Medivac  
  64  12:54  Marine  
  64  12:55  Marine  
  64  12:56  Marine  
  64  12:58  Marine  
  71  13:02  Marine  
  71  13:03  Marine  
  71  13:05  Marauder x2  
  78  13:07  Marauder  
  78  13:09  Marine  
  78  13:11  Marine  
  82  13:13  SCV  
  82  13:14  Orbital Command, Marine  
  82  13:26  Marauder  
  69  13:27  Marauder, Marine x2  
  69  13:28  Marauder  
  73  13:41  Terran Infantry Weapons Level 3  
  73  13:42  Marine x3  
  73  13:45  Marine  
  73  13:48  Marauder  
  79  13:53  Marine  
  79  13:54  Marine x2  
  82  13:59  Siege Tank  
  85  14:12  Marine  
  85  14:13  Marauder x2, Marine x3  
  93  14:19  Marauder, Marine  
  86  14:24  Marine x2  
  83  14:33  Marine  
  83  14:35  Marauder x2  
  83  14:36  SCV  
  89  14:43  Marine  
  89  14:44  Marauder  
  91  14:48  Marine x2  
  90  14:56  Marauder  
  86  15:02  Marine  
  76  15:14  Marine  
  76  15:20  Medivac  
  78  15:31  SCV  
  78  15:32  Marine x2  
  78  15:33  Marauder x2  
  48  16:04  Marine x2  
  48  16:05  Marauder x2  
  48  16:07  Marauder, Marine x3  
  54  16:14  Marine x3  
  49  16:22  Marine x2  
  49  16:24  Marine  
  49  16:25  Marine x2  
  48  16:26  Marauder x2  
  48  16:29  Marauder  
  48  16:31  Marine  
  48  16:32  Marine  
  55  16:47  Marauder, Siege Tank  
  55  16:50  Orbital Command, Marauder  
  62  16:57  Medivac x2  
  66  17:05  Marine  
  66  17:06  Marauder  
  66  17:18  Marine x2  
  68  17:30  SCV x3  
  68  17:31  Marine  
  69  17:55  Marauder x2, Marine x2  
  69  17:57  Marauder, Marine  
  73  18:03  Marine  
Tags
 
Add a new tag
Caveats
  • Supply blocks, unpowered buildings, or Contaminate may cause inaccurate times.
  • Supply counts are checked every 10 seconds.